 Dungeon Crawl Stone Soup version 0.17.0-28-g6e173f8 (webtiles) character file.

49 gorblad the Grave Robber (level 3, -10/25 HPs)
             Began as a Mummy Necromancer on Nov 25, 2015.
             Mangled by Crazy Yiuf
             ... wielding a +4 quarterstaff of chaos
              (15 damage)
             ... on level 2 of the Dungeon.
             The game lasted 00:10:37 (1749 turns).

gorblad the Grave Robber (Mummy Necromancer)        Turns: 1749, Time: 00:10:37

Health: -10/25     AC:  2    Str: 11    XL:     3   Next: 53%
Magic:  0/7        EV: 12    Int: 15    God:
Gold:   140        SH:  0    Dex: 12    Spells: 3 memorised, 2 levels left

rFire  x . .     SeeInvis .     d - +1 short sword (speed)
rCold  + . .     Clarity  .     f - +0 robe
rNeg   + + +     SustAt   .     (no shield)
rPois  ∞         Gourm    .     (no helmet)
rElec  .         Spirit   .     (no cloak)
rCorr  .         Warding  .     (no gloves)
rMut   .         Stasis   .     (no boots)
MR     .....                    (no amulet)
Stlth  ++........               (no ring)
                                (no ring)

@: not resistant to hostile enchantments, unstealthy
A: no food or potions, fire vulnerability, cold resistance 1, negative energy
resistance 3, torment resistance, unbreathing
a: no special abilities


You were on level 2 of the Dungeon.
You were not hungry.

You visited 1 branch of the dungeon, and saw 2 of its levels.

You collected 140 gold pieces.

Inventory:

Hand Weapons
 d - a +1 short sword of speed (weapon)
Armour
 a - a +0 robe
 f - a +0 robe (worn)
Jewellery
 g - an uncursed amulet of guardian spirit {unknown}
Scrolls
 c - a scroll of identify {unknown}
 e - 4 scrolls of teleportation
Books
 b - a book of Necromancy

   Spells                             Type                      Level
   a - Pain                           Necromancy                   1
   b - Animate Skeleton               Necromancy                   1
   c - Vampiric Draining              Necromancy                   3
   d - Regeneration                   Charms/Necromancy            3
   e - Animate Dead                   Necromancy                   4
   f - Control Undead                 Necromancy                   4


   Skills:
 + Level 0.4 Fighting
 + Level 1.6 Dodging
 + Level 1.6 Stealth
 + Level 2.7 Spellcasting
 + Level 4.6 Necromancy


You had 2 spell levels left.
You knew the following spells:

 Your Spells              Type           Power        Failure   Level  Hunger
a - Pain                  Necr           ###.         3%          1    N/A
b - Animate Skeleton      Necr           N/A          3%          1    N/A
c - Vampiric Draining     Necr           ###.......   12%         3    N/A

Dungeon Overview and Level Annotations

Branches:
Dungeon (2/15)

Altars:

Annotations:
D:2 Crazy Yiuf


Innate Abilities, Weirdness & Mutations

You do not eat or drink.
Your flesh is vulnerable to fire.
You are immune to poison.
Your flesh is cold resistant.
You are immune to negative energy.
You are immune to unholy pain and torment.
You can survive without breathing.


Message History

Crazy Yiuf convulses in agony!
Crazy Yiuf closely misses you.
Casting: Pain
Confirm with . or Enter, or press ? or * to list all spells.
Aiming: Pain
Press: ? - help, Shift-Dir - straight line, f/p - Crazy Yiuf
Aim: Crazy Yiuf, wielding a quarterstaff of chaos and wearing a cloak (heavily wounded, chance to defeat MR: 81%) Crazy Yiuf convulses in agony!
Crazy Yiuf hits you with a quarterstaff of chaos.
Crazy Yiuf burns you.
Casting: Pain
Confirm with . or Enter, or press ? or * to list all spells.
Aiming: Pain
Press: ? - help, Shift-Dir - straight line, f/p - Crazy Yiuf
Aim: Crazy Yiuf, wielding a quarterstaff of chaos and wearing a cloak (severely wounded, chance to defeat MR: 81%) Crazy Yiuf convulses in agony!
Crazy Yiuf hits you with a quarterstaff of chaos.
* * * LOW HITPOINT WARNING * * *
You are electrocuted!
Ouch! That really hurt!
You die...

# # ##### # #...# # ####♣♣
##### #...##### # ##.#..♣♣
♣♣#..)# #.....(.####
#....P.♣♣♣♣..@g.# #.....)(%(#.
#.....P.♣..♣#...# ##)####.#...
#.##.P.♣.♣♣♣##### #.# #.###.
#.###♣♣♣♣♣ #.# #.# ## #.#
#.####.###. #.################
#.......... #..............#.#
#######..#.
####.............######.##..##
#.##.###..............#Z.##


You could see Crazy Yiuf.

Vanquished Creatures
  An ooze (D:2)
  3 giant cockroaches (D:1)
  9 hobgoblins
  8 kobolds
  7 bats
  4 giant newts
  5 goblins
  4 rats
  A plant (D:1)
42 creatures vanquished.

Notes
Turn   | Place    | Note
--------------------------------------------------------------
     0 | D:1      | gorblad the Mummy Necromancer began the quest for the Orb.
     0 | D:1      | Reached XP level 1. HP: 13/13 MP: 3/3
   391 | D:1      | Reached XP level 2. HP: 19/19 MP: 0/5
  1056 | D:1      | Learned a level 1 spell: Animate Skeleton
  1112 | D:2      | Reached XP level 3. HP: 13/24 MP: 6/6
  1216 | D:2      | Learned a level 3 spell: Vampiric Draining
  1739 | D:2      | Noticed Crazy Yiuf
  1749 | D:2      | Mangled by Crazy Yiuf

Action                   || total
-------------------------++-------
Melee: Short sword       ||    98
       Spear             ||    17
 Cast: Pain              ||    64
       Animate Skeleton  ||     2
       Vampiric Draining ||     1
  Use: Scroll            ||     5
 Stab: Sleeping          ||     1
